Map: Pillars of Gold LE

Players

destroyerguy - Winner!

  • Race: Protoss Protoss
  • Spawn Location: 1:00

Bezerkerwars

  • Race: Terran Terran
  • League: Silver
  • Spawn Location: 7:00

VOD

https://www.youtube.com/watch?v=zlSbja99FeE&t=57s

Description

Time

  • Played on: Aug. 8, 2020, 9:51 p.m.
  • Length: 18:22
Show
View Real Time Build Order
Export as new Build Order

destroyerguy Protoss - Winner!

Build Orders: Double Forge, Dark Templar Rush 

Get SALT Encoding   

  12  0:01  Probe  
  13  0:13  Probe  
  14  0:20  Pylon  
  14  0:25  Probe  
  15  0:37  Assimilator  
  15  0:41  Probe  
  16  0:47  Gateway  
  16  0:53  Pylon  
  16  1:03  Probe  
  17  1:15  Probe  
  18  1:22  Gateway  
  18  1:27  Probe  
  19  1:35  Cybernetics Core  
  19  1:42  Assimilator  
  19  1:48  Probe  
  20  1:54  Zealot  
  20  2:00  Probe  
  23  2:01  Pylon  
  23  2:09  Pylon  
  23  2:10  Warp Gate (Chrono Boost)  
  23  2:12  Probe  
  24  2:33  Stalker  
  24  2:34  Stalker  
  28  2:43  Twilight Council  
  28  2:53  Probe  
  29  3:21  Nexus  
  29  3:31  Dark Shrine  
  29  3:40  Gateway  
  29  3:44  Gateway  
  29  3:54  Charge  
  29  4:09  Forge  
  29  4:14  Forge  
  29  4:29  Stalker x2  
  33  4:43  Pylon  
  33  4:53  Probe (Chrono Boost)  
  34  5:03  Probe (Chrono Boost)  
  35  5:08  Probe (Chrono Boost)  
  35  5:11  Protoss Ground Weapons Level 1 (Chrono Boost)  
  35  5:13  Protoss Ground Armor Level 1 (Chrono Boost)  
  36  5:20  Probe  
  37  5:22  Stalker  
  37  5:23  Stalker  
  41  5:47  Stargate  
  41  5:51  Stargate  
  41  6:02  Stalker x2  
  45  6:07  Protoss Air Weapons Level 1 (Chrono Boost)  
  33  6:43  Dark Templar  
  35  6:48  Probe (Chrono Boost)  
  36  6:58  Probe (Chrono Boost)  
  36  6:59  Probe (Chrono Boost)  
  38  7:04  Zealot  
  38  7:06  Probe (Chrono Boost)  
  38  7:07  Probe (Chrono Boost), Zealot x2  
  46  7:11  Probe (Chrono Boost)  
  46  7:14  Probe  
  48  7:17  Void Ray (Chrono Boost)  
  52  7:23  Probe (Chrono Boost)  
  52  7:27  Probe (Chrono Boost)  
  54  7:35  Probe (Chrono Boost)  
  54  7:36  Pylon  
  56  7:38  Probe (Chrono Boost)  
  56  7:39  Pylon  
  56  7:41  Probe (Chrono Boost)  
  56  7:42  Probe (Chrono Boost)  
  58  7:49  Probe  
  59  7:52  Probe  
  60  8:01  Probe  
  60  8:04  Probe  
  62  8:15  Zealot x2  
  62  8:16  Zealot x2  
  62  8:17  Probe  
  71  8:29  Probe  
  71  8:32  Protoss Ground Weapons Level 2 (Chrono Boost)  
  72  8:41  Probe  
  73  8:50  Protoss Ground Armor Level 2 (Chrono Boost)  
  73  8:56  Protoss Air Armor Level 1 (Chrono Boost)  
  73  9:02  Assimilator  
  73  9:05  Zealot x3  
  73  9:06  Assimilator, Zealot  
  81  9:12  Probe (Chrono Boost)  
  82  9:22  Probe (Chrono Boost)  
  83  9:27  Probe (Chrono Boost)  
  84  9:38  Probe  
  85  9:50  Probe  
  84  10:07  Stalker  
  86  10:22  Pylon  
  86  10:24  Pylon  
  86  10:25  Pylon  
  86  10:27  Pylon  
  86  10:30  Pylon  
  86  10:33  Pylon  
  86  10:34  Pylon  
  86  10:36  Pylon  
  86  10:38  Pylon  
  86  10:40  Pylon  
  86  10:41  Nexus  
  86  10:42  Pylon  
  86  10:44  Pylon  
  86  10:45  Zealot x2  
  86  10:46  Zealot x2  
  86  10:47  Pylon  
  94  10:53  Void Ray (Chrono Boost)  
  102  11:02  Void Ray (Chrono Boost)  
  102  11:26  Protoss Ground Weapons Level 3  
  102  11:27  Protoss Ground Armor Level 3  
  102  11:34  Zealot x4  
  102  11:38  Void Ray  
  114  11:53  Fleet Beacon  
  114  12:02  Probe (Chrono Boost)  
  115  12:12  Probe (Chrono Boost)  
  115  12:13  Stalker x4  
  124  12:17  Probe (Chrono Boost)  
  125  12:28  Probe  
  126  12:30  Unknown  
  126  12:40  Probe  
  127  12:51  Protoss Air Weapons Level 2 (Chrono Boost)  
  127  13:05  Tempest (Chrono Boost)  
  137  13:14  Tempest (Chrono Boost)  
  137  13:17  Zealot x3  
  137  13:18  Zealot  
  145  13:50  Tempest  
  150  14:05  Stalker x4  
  136  15:18  Protoss Air Armor Level 2  
Show
View Real Time Build Order
Export as new Build Order

Bezerkerwars Terran 

Build Orders:  

Get SALT Encoding   

  12  0:02  SCV  
  13  0:14  SCV  
  14  0:26  SCV  
  14  0:28  Supply Depot  
  15  0:52  Barracks  
  15  1:04  Barracks  
  15  1:07  SCV  
  16  1:31  Command Center  
  16  1:34  Refinery  
  16  1:38  Refinery  
  16  1:45  Marine  
  17  1:52  Marine  
  18  2:03  Marine  
  18  2:05  Orbital Command  
  19  2:25  Factory  
  19  2:39  SCV  
  20  2:58  Barracks Reactor  
  20  3:01  Orbital Command  
  20  3:03  Barracks Reactor  
  20  3:07  Supply Depot  
  20  3:11  Factory Tech Lab  
  20  3:18  SCV  
  21  3:31  Starport  
  21  3:35  SCV x2  
  23  3:43  Siege Tank  
  23  3:47  Marine x2  
  28  3:53  Marine  
  28  3:55  Marine  
  29  4:00  SCV  
  29  4:01  SCV  
  32  4:08  Medivac  
  34  4:19  Engineering Bay  
  34  4:24  Siege Tank  
  34  4:27  Marine  
  34  4:28  Marine x2  
  40  4:43  Medivac  
  40  4:44  Supply Depot  
  42  4:51  Missile Turret  
  42  5:00  Marine x4  
  46  5:13  Terran Infantry Armor Level 1  
  46  5:17  Marine  
  47  5:33  SCV x2  
  49  5:39  Marine  
  49  5:40  Marine x3  
  53  5:47  Starport Tech Lab  
  53  5:56  Fusion Core  
  53  5:57  Marine  
  53  5:58  Marine x2  
  41  6:39  Widow Mine  
  39  6:48  Battlecruiser  
  39  6:52  Marine  
  39  6:53  Marine x3  
  49  6:59  Orbital Command  
  49  7:01  Widow Mine  
  51  7:10  Marine  
  51  7:11  Marine x3  
  55  7:22  Widow Mine  
  57  7:27  Armory  
  57  7:37  Refinery  
  57  7:38  Refinery  
  57  7:43  Widow Mine  
  59  7:47  Marine  
  59  7:48  Marine x2  
  62  8:01  Supply Depot x2  
  62  8:06  Supply Depot  
  62  8:19  Terran Vehicle And Ship Armor Level 1  
  62  8:20  Missile Turret  
  62  8:22  Marine x4  
  62  8:23  Widow Mine  
  68  8:40  Marine x4  
  72  8:58  Marine  
  72  9:00  Command Center  
  73  9:06  Drilling Claws  
  73  9:15  Factory  
  73  9:18  Starport, Battlecruiser  
  79  9:34  Widow Mine  
  81  9:44  Terran Infantry Armor Level 2  
  81  9:55  Widow Mine  
  83  10:01  Sensor Tower  
  83  10:14  Terran Vehicle Weapons Level 1  
  83  10:17  Widow Mine  
  83  10:20  Missile Turret  
  85  10:28  Sensor Tower  
  85  10:35  Orbital Command  
  85  10:38  Widow Mine  
  87  10:43  Starport Tech Lab  
  87  10:47  Missile Turret  
  87  10:59  Widow Mine  
  89  11:29  Factory Reactor  
  95  11:40  Battlecruiser  
  95  11:44  Battlecruiser  
  101  11:53  Supply Depot  
  101  12:08  Terran Ship Weapons Level 1  
  101  12:29  Supply Depot  
  101  12:31  Supply Depot  
  107  12:44  Battlecruiser  
  107  12:49  Marine x2  
  107  12:50  Marine x2  
  111  12:51  Supply Depot  
  111  12:57  Supply Depot  
  111  13:06  Marine  
  111  13:07  Marine  
  111  13:08  Marine x2  
  115  13:24  Marine  
  116  13:27  Sensor Tower  
  116  13:45  Refinery  
  116  13:50  Barracks  
  116  14:11  Refinery  
  116  14:22  Terran Vehicle And Ship Armor Level 2  
  116  14:26  Weapon Refit  
  116  14:37  Missile Turret  
  116  14:56  Orbital Command  
  116  14:57  Marine  
  116  14:58  Marine x2  
  45  15:48  Marine x4  
  39  16:05  Marine  
Tags
 
Add a new tag
Caveats
  • Supply blocks, unpowered buildings, or Contaminate may cause inaccurate times.
  • Supply counts are checked every 10 seconds.